AoeStats
← zhengyifan2003

Coastal Forest

510864166Analyzed
4v4 RM · 16h ago on Oct 2, 2026· 53m 29s· 8 players
Game mode
Random Map
Map size
Large (8 player)
Population
200
Speed
Normal
Resources
Standard
Victory
Conquest
Starting age
Dark Age
Ending age
Imperial Age
RankedLock teamsTeams togetherTeam positionsShared explorationLock speedFull tech treeHidden civsTurbo modeCheats
Victory
Defeat
🇨🇦 Burgundians · Canada
1495
+12
🇦🇷 Bohemians · Argentina
1477
+13
🇹🇼 Berbers · Taiwan
1426
+15
🇮🇩 Magyars · Indonesia
1409
+16
🇪🇸 Danes · Spain
1484
-17
🇸🇮 Huns · Slovenia
1482
-16
🇨🇳 Malay · China
1401
-14
🇪🇸 Britons · Spain
1276
-26
JMDDN
5:48 Loom
8:45 Feudal Age
7:33 Double-Bit Axe
15:06 Horse Collar
18:24 Wheelbarrow
21:15 Scale Mail Armor
23:23 Fletching
25:15 Town Watch
26:48 Bow Saw
26:57 Heavy Plow
34:34 Castle Age
33:12 Hand Cart
32:53 Stone Mining
32:56 Gold Mining
36:22 Two-Man Saw
35:55 Crop Rotation
36:10 Town Patrol
38:53 Forging
38:59 Chain Mail Armor
39:16 Burgundian Vineyards
41:20 Iron Casting
40:59 Fortified Wall
42:57 Gold Shaft Mining
42:57 Stone Shaft Mining
45:16 Imperial Age
43:16 Squires
43:10 Arson
44:34 Masonry
44:44 Ballistics
44:21 Bodkin Arrow
46:37 Plate Mail Armor
46:30 Conscription
46:58 Architecture
46:08 Treadmill Crane
47:32 Blast Furnace
47:48 Architecture
47:53 Bracer
48:56 Chemistry
48:44 Caravan
49:51 Hoardings
49:13 Murder Holes
TW_Picar
11:23 Feudal Age
14:54 Castle Age
13:03 Horse Collar
14:32 Double-Bit Axe
14:51 Loom
16:17 Bow Saw
20:34 Wheelbarrow
21:45 Heavy Plow
22:41 Bloodlines
23:44 Scale Barding Armor
25:05 Husbandry
25:27 Chain Barding Armor
25:51 Forging
27:13 Hand Cart
26:59 Gold Mining
27:00 Stone Mining
27:58 Iron Casting
28:14 Town Watch
34:42 Gold Shaft Mining
34:43 Stone Shaft Mining
36:03 Fletching
38:48 Imperial Age
40:16 Plate Barding Armor
40:42 Blast Furnace
39:04 Cavalier
39:08 Heavy Camel Rider
39:10 Light Cavalry
40:27 Crop Rotation
40:21 Hussar
43:48 Guilds
44:08 Coinage
43:39 Caravan
43:37 Bodkin Arrow
43:43 Padded Archer Armor
44:16 Treadmill Crane
44:56 Ballistics
45:37 Chemistry
44:43 Siege Engineers
45:05 Bracer
45:20 Leather Archer Armor
44:41 Elite Camel Archer
45:42 Conscription
45:23 Maghrebi Camels
45:59 Hoardings
45:58 Fervor
47:47 Fortified Wall
48:10 Ring Archer Armor
47:47 Thumb Ring
53:30 Banking
天崩地裂
6:52 Loom
9:14 Feudal Age
9:47 Town Watch
10:50 Double-Bit Axe
13:28 Fletching
22:39 Castle Age
21:58 Padded Archer Armor
22:46 Crossbowman
23:54 Bodkin Arrow
24:36 Wheelbarrow
24:49 Bow Saw
28:43 Leather Archer Armor
30:59 Fervor
34:34 Imperial Age
34:33 Chemistry
33:40 Fishing Lines
34:58 Hand Cart
35:24 Bracer
35:44 Arbalester
37:36 Ballistics
37:14 Gillnets
38:20 Conscription
39:33 Ring Archer Armor
40:17 Redemption
40:49 Scale Mail Armor
40:50 Squires
41:29 Wagenburg Tactics
41:33 Caravan
41:59 Town Patrol
42:49 Forging
42:00 Pikeman
43:07 Houfnice
44:15 Chain Mail Armor
43:21 Halberdier
44:50 Masonry
44:02 Elite Hussite Wagon
46:02 Siege Engineers
45:26 Elite Skirmisher
48:46 Plate Mail Armor
49:35 Bombard Tower
49:44 Block Printing
50:24 Iron Casting
49:36 Arson
52:03 Architecture
Embege
10:29 Feudal Age
9:56 Loom
14:46 Castle Age
13:13 Fishing Lines
14:13 Double-Bit Axe
15:54 Bow Saw
19:31 Horse Collar
21:16 Gillnets
21:55 Heavy Plow
22:43 Medium Warships
22:27 Fletching
26:11 Gold Mining
27:51 Wheelbarrow
29:36 Scale Barding Armor
32:33 Imperial Age
30:19 Hand Cart
31:39 Gold Shaft Mining
30:55 Stone Mining
31:50 Chain Barding Armor
31:46 Bloodlines
31:36 Husbandry
33:00 Town Watch
32:39 Cavalier
33:55 Plate Barding Armor
34:34 Chemistry
33:45 Clinker Construction
33:47 Careening
34:10 Heavy Warships
34:11 Paladin
43:13 Two-Man Saw
42:45 Crop Rotation
43:15 Caravan
43:46 Coinage
LonGhar
6:34 Loom
8:58 Feudal Age
18:24 Fletching
27:20 Castle Age
26:46 Double-Bit Axe
26:45 Horse Collar
28:39 Bodkin Arrow
28:44 Padded Archer Armor
29:32 Stone Mining
29:32 Gold Mining
30:00 Crossbowman
31:41 Leather Archer Armor
32:22 Pikeman
34:27 Scale Mail Armor
zhengyifan2003
9:56 Feudal Age
13:58 Castle Age
12:28 Horse Collar
14:30 Loom
14:41 Double-Bit Axe
16:18 Bow Saw
16:01 Gold Mining
22:04 Wheelbarrow
24:00 Heavy Plow
28:24 Hand Cart
29:00 Gold Shaft Mining
28:48 Town Watch
30:03 Stone Mining
34:08 Imperial Age
34:25 Onager
35:14 Siege Engineers
36:10 Chemistry
35:50 Siege Onager
37:07 Conscription
37:24 Northmen's Fury
dog
6:18 Loom
8:38 Feudal Age
9:38 Double-Bit Axe
18:42 Castle Age
16:23 Horse Collar
17:11 Scale Barding Armor
17:02 Gold Mining
18:03 Bloodlines
18:39 Forging
21:15 Bow Saw
22:23 Husbandry
27:14 Wheelbarrow
26:41 Heavy Plow
29:55 Hand Cart
31:06 Bow Saw
31:11 Stone Mining
32:25 Town Watch
33:22 Gold Shaft Mining
36:11 Imperial Age
34:44 Fletching
34:54 Padded Archer Armor
35:21 Bodkin Arrow
35:50 Ballistics
36:29 Leather Archer Armor
36:54 Thumb Ring
36:19 Heavy Cavalry Archer
37:03 Bracer
38:16 Chemistry
38:31 Masonry
38:44 Conscription
41:55 Chain Barding Armor
42:10 Iron Casting
43:34 Parthian Tactics
49:10 Town Patrol
Kill Line
8:08 Loom
11:29 Feudal Age
11:12 Double-Bit Axe
17:36 Castle Age
19:26 Husbandry
20:30 Wheelbarrow
23:02 Bow Saw
24:06 Fishing Lines
28:20 Medium Warships
31:55 Forging
32:43 Squires
32:29 Arson
32:04 Man-at-Arms
33:22 Iron Casting
33:26 Long Swordsman
34:12 Horse Collar
37:11 Imperial Age
34:40 Gold Mining
36:07 Gold Shaft Mining
35:39 Thalassocracy
36:26 Heavy Plow
37:01 Conscription
36:52 Forced Levy
36:23 Two-Handed Swordsman
37:15 Forced Levy
38:31 Blast Furnace
37:49 Hand Cart
38:50 Pikeman
41:02 Halberdier
44:30 Guilds
48:21 Crop Rotation
50:10 Fletching
53:01 Bodkin Arrow
Connection lost

Rejoining the realm…

Still unreachable

The connection could not be restored.

Session expired

The server has moved on; the page needs a fresh start.